 Dungeon Crawl Stone Soup version 0.30-a0-748-ge6a52f7cba (webtiles) character file.

Game seed: 1939500436861776214

67 Esekla the Sneak (level 4, 31/31 HPs)
             Began as an Octopode Delver on Feb 8, 2023.
             Quit the game on level 5 of the Dungeon.
             The game lasted 00:02:42 (169 turns).

Esekla the Sneak (Octopode Delver)                   Turns: 169, Time: 00:02:43

Health: 31/31      AC:  1    Str: 11    XL:     4   Next: 16%
Magic:  5/5        EV: 13    Int: 14    God:
Gold:   32         SH:  0    Dex: 13    Spells: 4/4 levels left

rFire   . . .      SeeInvis .    a - +0 falchion
rCold   . . .      Faith    .    (no shield)
rNeg    . . .      Spirit   .    (helmet restricted)
rPois   .          Reflect  .    (no amulet)
rElec   .          Harm     .    (no ring)
rCorr   .          Rampage  .    (no ring)
Will    .....                    (no ring)
Stlth   +++++                    (no ring)
HPRegen 0.25/turn                (no ring)
MPRegen 0.09/turn                (no ring)
                                 (no ring)
                                 (no ring)

@: no status effects
A: almost no armour, amphibious, 8 rings, camouflage 1, gelatinous body 1,
(nimble swimmer 1), tentacles
a: no special abilities


You were on level 5 of the Dungeon.
You visited 1 branch of the dungeon, and saw 1 of its levels.

You collected 32 gold pieces.

Inventory:

Hand Weapons
 a - a +0 falchion (weapon)
 h - a +0 dagger
Missiles
 i - 3 javelins (quivered)
Jewellery
 c - a +6 ring of intelligence
Wands
 f - a wand of digging (3)
Scrolls
 b - a scroll of fog
 d - a scroll of fear
 g - a scroll of poison {unknown}
Potions
 e - a potion of haste


   Skills:
 * Level 3.4 Fighting
 * Level 2.4 Long Blades
 * Level 2.4 Dodging
 + Level 7.5 Stealth
 * Level 0.9 Spellcasting


You had 4 spell levels left.
You didn't know any spells.
Your spell library was empty.

Dungeon Overview and Level Annotations

Branches:
Dungeon (5/15)
 Temple: D:4-7

Altars:
Elyvilon
Fedhas
Uskayaw

Shops:
D:5 :


Innate Abilities, Weirdness & Mutations

You cannot wear most types of armour.
You are amphibious.
You can wear up to eight rings at the same time.
Your skin changes colour to match your surroundings (Stealth+).
Your rubbery body absorbs attacks. (AC +1, EV +1)
((You are camouflaged when in or above water. (Stealth+)))
You have tentacles for arms and can constrict up to eight enemies at once.


Message History

You constrict the orc. You constrict the hound. The hound misses you.
The orc hits you but does no damage. The hound barely misses you.
You barely miss the hound. You squeeze the hound!
You kill the hound!
You constrict the orc. The orc hits you with a +0 dagger.
The orc barely misses you.
You have reached level 4!
You hit the orc but do no damage.
The orc is heavily wounded.
You constrict the orc. The orc closely misses you.
You hit the orc.
You kill the orc!
c - a +6 ring of intelligence;
g - a scroll labelled LUASAC JATIUNU You now have 25 gold pieces (gained 16).
Things that are here:
a +0 dagger; 3 javelins; a +0 leather armour
h - a +0 dagger;
i - 3 javelins
There is an entrance to Opnesuck's Book Boutique here.
A nearby fungus withers and dies.
An ufetubus comes into view.
You see here 7 gold pieces.
You now have 32 gold pieces (gained 7).
There is an entrance to Opnesuck's Book Boutique here.
You start resting.
An ufetubus is nearby!
There is an entrance to Opnesuck's Book Boutique here.
You barely miss the ufetubus.
The ufetubus shouts!
Your grab misses the ufetubus. You squeeze the ufetubus!
You kill the ufetubus!
You start resting.
Magic restored.
You start resting.
A jelly is nearby!
You start resting.
HP restored.
You see here a hound corpse.
Found 18 gold pieces.
Found 2 poisoned darts.
Found a white marble altar of Elyvilon.
Are you sure you want to abandon this character and quit the game? (Confirm with "yes".)

**,**,......J.............####
*,,,...#....###†#######....####
***#.#......# #.## #.##....##
#,......## #..## #........#
*#..##...* ##..######..######
*****...*#...* #.....##..##**
,,,,,,,,*#.*,* ##..##.#....,,**
*,,,***,,.S,,**#...##.....#.,,*
,,******,,<*,,*#@............,*
*,,,,,,,,**#...............,..*
***,**,,,,,##......_......h,..#
*,**,***,.................,.#
*,,*,* *###....⌠.....$.,,,,,*
**,,,* *#............,***** *
*****,,* **(.._.........,** *
,,,,,,,****.............,,,* *
,*****,*,,,,,,,,,,,,,,,,,,,* *


There were no monsters in sight!

Vanquished Creatures
  2 hounds (D:5)
  An ufetubus (D:5)
  An orc (D:5)
4 creatures vanquished.

Vanquished Creatures (others)
  7 fungi (D:5)
  A plant (D:5)
8 creatures vanquished.

Grand Total: 12 creatures vanquished

Notes
Turn   | Place    | Note
-------+----------+-------------------------------------------
     0 | D:5      | Esekla the Octopode Delver began the quest for the Orb.
     0 | D:5      | Reached XP level 1. HP: 16/16 MP: 1/1
     2 | D:5      | Found Opnesuck's Book Boutique.
     2 | D:5      | Noticed a hound
    19 | D:5      | Found a blossoming altar of Fedhas.
    39 | D:5      | Noticed a hound
    40 | D:5      | Found a hide-covered altar of Uskayaw.
    40 | D:5      | Noticed a jelly
    60 | D:5      | Killed a hound
    61 | D:5      | Reached skill level 7 in Stealth
    61 | D:5      | Reached XP level 2. HP: 8/21 MP: 2/2
    61 | D:5      | Reached XP level 3. HP: 10/26 MP: 3/3
   106 | D:5      | Reached XP level 4. HP: 20/31 MP: 3/5
   167 | D:5      | Found a white marble altar of Elyvilon.
   169 | D:5      | Quit the game

Illustrated notes

Levels and vault maps discovered:
D:5:      layout_rooms, fedhas_altar_3, grunt_temple_overflow_open,
          serial_shops, shop, uniq_blork_the_orc

Skill      XL: |  1 |
---------------+----+-----
Stealth        | 7 |  7.5
Fighting       | |  3.4
Long Blades    | |  2.4
Dodging        | |  2.4
Spellcasting   | |  0.9

Action                     |  1- 3 |  4- 6 || total
---------------------------+-------+-------++-------
  Melee: Falchion          |    10 |     3 ||    13
         Tentacles         |     7 |     1 ||     8
         Constrict         |     3 |       ||     3
    Use: Scroll            |     1 |       ||     1
 Armour: Skin              |     1 |       ||     1
  Dodge: Dodged            |    13 |     1 ||    14

Table legend: (Time is in decaauts)
 A = Elapsed time spent in this place.
 B = Non-inter-level travel time spent in this place.
 C = Inter-level travel time spent in this place.
 D = Time resting spent in this place.
 E = Time spent auto-exploring this place.
 F = Levels seen in this place.
 G = Mean time per level.
                   A        B        C        D        E       F      G
               +--------+--------+--------+--------+--------+-----+--------+
         Total |    171 |    171 |      0 |     57 |      0 |   1 |  171.0 |
       Dungeon |    171 |    171 |      0 |     57 |      0 |   1 |  171.0 |
               +--------+--------+--------+--------+--------+-----+--------+

Top non-repeatable levels by time:
     D:5: 171 daAuts
